 Dungeon Crawl Stone Soup version 0.18-a0-918-g58938db (webtiles) character file.

1132997 Proton the Naga Porcupine (level 27, -20/292 (298) HPs)
             Began as a Naga Fighter on Dec 26, 2015.
             Was the Champion of Cheibriados.
             Killed from afar by a Brimstone Fiend (27 damage)
             ... with a blast of hellfire
             ... on level 7 of Gehenna on Dec 27, 2015.
             The game lasted 04:56:49 (98324 turns).

Proton the Naga Porcupine (Naga Fighter)           Turns: 98324, Time: 04:56:49

HP:   -20/292 (298) AC: 73    Str: 53    XL:     27
MP:   0/33          EV: 32    Int: 35    God:    Cheibriados [******]
Gold: 7992          SH: 28    Dex: 27    Spells: 1 memorised, 36 levels left

rFire  + + +     SeeInvis +     k - +9 demon trident (elec)
rCold  + + .     Gourm    .     s - +12 crystal plate armour of Noiredgho {Stlth+}
rNeg   + + .     Faith    .     J - +1 shield "Kugg" {-Cast Int+7 Slay+4}
rPois  +         Spirit   +     O - +2 hat of the Bear Spirit {Spirit, +Rage rN+ MR++}
rElec  +         Dismiss  .     i - +2 cloak of Starlight {rElec rC+ EV+4 Stlth--}
rCorr  .         Reflect  +     F - +2 pair of gloves
SustAt .         Harm     .     v - +4 naga barding {Fly}
MR     ++++.     NoCast   +     u - amulet "Ureacac" {Reflect rElec Str+5 SH+3}
Stlth  ..........               W - ring "Nozebuist" {rF++ rN+ MR- Int+3}
                                w - ring of Yxevaito {rC+ AC+5}

@: about to teleport, flying, very slow, incredibly resistant to hostile
enchantments, extremely unstealthy
A: beak, horns 2, large bone plates 1, see invisible, blink, clever 1, deformed
body, fire resistance 1, mutation resistance 1, poison resistance, slowness 2,
slow regeneration 1, slow metabolism 1, spit poison 2, strong 1, wild magic 1,
constrict 1, AC +9
a: Spit Poison, Blink, Bend Time, Temporal Distortion, Slouch, Step From Time,
Renounce Religion, Evoke Berserk Rage, Stop Flying
}: 9/15 runes: decaying, slimy, silver, golden, iron, icy, bone, abyssal,
gossamer


You were on level 7 of Gehenna.
You worshipped Cheibriados.
Cheibriados was exalted by your worship.
You were not hungry.

You visited 17 branches of the dungeon, and saw 88 of its levels.
You visited the Abyss 1 time.
You visited 1 ziggurat, and saw 18 of its levels.

You collected 13197 gold pieces.
You spent 5205 gold pieces at shops.

Inventory:

Hand Weapons
 k - a +9 demon trident of electrocution (weapon)
Armour
 i - the +2 cloak of Starlight (worn) {rElec rC+ EV+4 Stlth--}
   (You found it on level 14 of a ziggurat)

   It affects your evasion (+4).
   It protects you from cold.
   It insulates you from electricity.
   It makes you much less stealthy.
 s - the +12 crystal plate armour of Noiredgho (worn) {Stlth+}
   (You found it on level 6 of the Pits of Slime)

   It makes you more stealthy.
 v - a +4 naga barding of flying (worn)
 F - a +2 pair of gloves (worn)
 J - the +1 shield "Kugg" (worn) {-Cast Int+7 Slay+4}
   (You took it off Donald on level 1 of the Vaults)

   It affects your intelligence (+7).
   It affects your accuracy and damage with ranged weapons and melee attacks
   (+4).
   It prevents spellcasting.
 O - the +2 hat of the Bear Spirit (worn) {Spirit, +Rage rN+ MR++}
   (You bought it in a shop on level 3 of the Vaults)

   It protects you from negative energy.
   It affects your resistance to hostile enchantments.
   It lets you go berserk.
Jewellery
 a - the ring of Toreb {rF+ rC- rN+ AC+3 SInv}
   (You found it on level 7 of the Iron City of Dis)

   [ring of protection]

   It affects your AC (+3).
   It protects you from fire.
   It makes you vulnerable to cold.
   It protects you from negative energy.
   It lets you see invisible.
 u - the amulet "Ureacac" (around neck) {Reflect rElec Str+5 SH+3}
   (You found it on level 5 of the Vaults)

   [amulet of reflection]

   It shields you and reflects attacks.
   It affects your strength (+5).
   It insulates you from electricity.
   It affects your SH (+3).
 w - the ring of Yxevaito (left hand) {rC+ AC+5}
   (You found it on level 7 of a ziggurat)

   [ring of protection]

   It affects your AC (+5).
   It protects you from cold.
 z - the amulet of the Four Winds {rN+ MR+++ Clar}
   (You found it on level 6 of a ziggurat)

   [amulet of nothing]

   It protects you from negative energy.
   It affects your resistance to hostile enchantments.
   It protects you against confusion.
 E - the amulet "Izill" {rCorr *Corrode +Fly rN+ Slay+2}
   (You took it off an ironbrand convoker on level 1 of the Vaults)

   [amulet of resist corrosion]

   It protects you from acid and corrosion.
   It affects your accuracy and damage with ranged weapons and melee attacks
   (+2).
   It protects you from negative energy.
   It lets you fly.
   It may corrode your equipment when you take damage.
 W - the ring "Nozebuist" (right hand) {rF++ rN+ MR- Int+3}
   (You found it on level 3 of the Crypt)

   [ring of positive energy]

   It affects your intelligence (+3).
   It greatly protects you from fire.
   It protects you from negative energy.
   It affects your resistance to hostile enchantments.
Wands
 g - a wand of heal wounds (4/9)
 D - a wand of disintegration (10/24)
 L - a wand of teleportation (3/9)
 X - a wand of heal wounds (2/9)
Scrolls
 c - 15 scrolls of enchant weapon
 h - 18 scrolls of magic mapping
 j - 3 scrolls of silence
 l - 27 scrolls of enchant armour
 n - 35 scrolls of remove curse
 p - 7 scrolls of fear
 x - 2 scrolls of brand weapon
 y - 12 scrolls of amnesia
 A - 7 scrolls of recharging
 B - 25 scrolls of teleportation
 C - 5 scrolls of fog
 H - 6 scrolls of holy word
 N - 5 scrolls of identify
 V - 5 scrolls of summoning
 Y - 9 scrolls of immolation
 Z - 5 scrolls of blinking
Potions
 e - 19 potions of curing
 o - 2 potions of might
 I - 3 potions of invisibility
 K - 9 potions of brilliance
 M - 5 potions of flight
 P - 9 potions of heal wounds
 Q - 2 potions of agility
 R - 2 potions of cancellation
 S - 11 potions of cure mutation
 T - 4 potions of resistance
 U - 6 potions of lignification
Miscellaneous
 t - 5 phantom mirrors
Comestibles
 b - 19 royal jellies
 f - 35 bread rations
 r - 39 fruits


   Skills:
 O Level 27 Fighting
 O Level 27 Polearms
 + Level 24.6 Armour
 + Level 24.4 Dodging
 - Level 8.3 Stealth
 + Level 24.6 Shields
 - Level 6.9 Spellcasting
 - Level 6.9 Charms
 - Level 14.3 Invocations


You had 36 spell levels left.
You knew the following spells:

 Your Spells              Type           Power        Failure   Level  Hunger
a - Regeneration          Chrm/Necr      ######....   19%         3    None


Dungeon Overview and Level Annotations

Branches:
Dungeon (15/15)            Temple (1/1) D:4            Lair (8/8) D:9
  Swamp (4/4) Lair:4       Spider (4/4) Lair:6        Slime (6/6) Lair:6
    Orc (2/2) D:12            Elf (3/3) Orc:2        Vaults (5/5) D:13
  Crypt (3/3) Vaults:2       Tomb (3/3) Crypt:3      Depths (5/5) D:15
   Hell (1/1)                 Dis (7/7) Hell            Geh (7/7) Hell
    Nor (7/7) Hell            Tar (7/7) Hell            Zot (0/5) Depths:5

Altars:
Ashenzari
Cheibriados
Dithmenos
Elyvilon
Fedhas
Gozag
Kikubaaqudgha
Makhleb
Nemelex Xobeh
Okawaru
Pakellas
Qazlal
Ru
Sif Muna
Trog
Vehumet
Xom
Yredelemnul
Zin
The Shining One
Beogh
Jiyva

Shops:
D:5 ?   D:9 *   Orc:2 *[}   Vaults:3 [!*   Vaults:4 [   Depths:2 (   Depths:4 (

Portals:
Hell: Depths:1 Depths:2 Depths:4 Depths:5
Abyss: Depths:1 Depths:2 Depths:4
Pandemonium: Depths:1 Depths:2 Depths:3

Annotations:
D:5 1 runed door


Innate Abilities, Weirdness & Mutations

You cannot wear boots.
Your serpentine skin is tough (AC +9).
You have supernaturally acute eyesight.
Armour fits poorly on your strangely shaped body.
Your system is resistant to poisons.
You cover ground very slowly.
You have a slow metabolism.
You can spit poison.
You can use your snake-like lower body to constrict enemies.
You have a beak for a mouth.
You have a pair of horns on your head.
You are partially covered in large bone plates (AC +2, SH +2).
You can translocate small distances at will.
Your mind is acute. (Int +2)
Your flesh is heat resistant.
You are somewhat resistant to further mutation.
You regenerate slowly when monsters are visible.
Your muscles are strong. (Str +2)
Your spells are a little harder to cast, but a little more powerful.


Message History

You block the Brimstone Fiend's attack.
The Brimstone Fiend completely misses you.
You block the Brimstone Fiend's attack.
You don't have enough magic at the moment.
Drink which item? (? for menu, Esc to quit)
Okay, then.
Evoke which item? (* to show all) (? for menu, Esc to quit)
Zapping:
L - a wand of teleportation (4/9)
Press: ? - help, Shift-Dir - straight line, f - you You feel strangely unstable.
This wand has 3 charges left.
You block the Brimstone Fiend's attack. x3
The Brimstone Fiend completely misses you.
The Brimstone Fiend barely misses you. You block the Brimstone Fiend's attack.
The Brimstone Fiend gestures at you.
The hellfire explodes!
The blast of hellfire engulfs the Brimstone Fiend.
The Brimstone Fiend completely resists.
The blast of hellfire engulfs the Brimstone Fiend.
The Brimstone Fiend completely resists.
The blast of hellfire engulfs you!
You die...

..#............#,,,,,,,,#......≈≈
..##############...,,,,,#.......§
..'............#[.,,,,,,#.......≈
..#...)........#..,,,,,,#....§.≈≈
##############'#.2,,,,,,#.....§≈§
.#.....†.......#'##*****#......§§
.#.............#1',,,,,,#.....≈≈§
§#.............#1#,,,,,,#....≈≈≈§
.#'#############@#,,,,,,#.....≈≈≈
§#............'1.#,,,,,,#.....≈≈§
.##############)#########...≈§§§§
....#*,,........##.........≈≈≈§≈≈
....#*,,.......###.......≈≈≈§§≈§≈
§...#*,,§......*#.......§≈≈≈≈§≈§§
≈≈..#***'######*#....≈§≈§≈§§§§≈§§
§§..###*+******##...≈§≈≈§≈§≈≈≈§§≈
≈≈≈...#*,,,,,,*#..§≈§≈≈≈§§≈≈≈≈§≈≈


You could see 3 Brimstone Fiends and a balrug.

Vanquished Creatures
  Antaeus (Nor:7)
  The ghost of blinkfrog the Cloud Mage, a legendary DDHu of Makhleb (Nor:7)
  the Royal Jelly (Slime:6)
  Ereshkigal (Tar:7)
  the Serpent of Hell (Nor:7)
  Dispater (Dis:7)
  Mara (Vaults:2)
  4 ancient liches
  30 greater mummies
  4 pandemonium lords (Zig:12)
  Boris (Vaults:3)
  4 iron giants
  Frederick (Depths:5)
  13 shard shrikes
  Saint Roka (Depths:2)
  Norris (Depths:2)
  2 Killer Klowns (Zig:12)
  Geryon (Hell)
  9 golden dragons
  Nikola (Elf:2)
  A profane servitor (Crypt:3)
  10 bone dragons
  Jorgrun (Elf:2)
  16 liches
  7 doom hounds
  23 Brimstone Fiends
  27 Ice Fiends
  8 tentacled monstrosities
  Rupert (D:15)
  10 Hell Sentinels
  30 Shadow Fiends
  2 deep elf blademasters
  4 quicksilver dragons
  A deep elf master archer (Elf:3)
  2 Executioners
  9 eldritch tentacles
  8 titans
  30 acid blobs
  17 sphinxes
  7 tengu reavers
  The ghost of Enish the Peltast, an adept MiBe of Trog (Elf:3)
  10 ancient champions
  15 tentacled starspawn
  Kirke (Swamp:1)
  7 shadow dragons
  5 storm dragons
  A draconian monk (Zig:11)
  6 revenants
  2 daevas
  Donald (Vaults:1)
  A chaos champion (Zig:12)
  2 greater nagas (Zig:9)
  14 iron dragons
  12 fire giants
  10 azure jellies
  5 orc warlords
  7 deep elf sorcerers
  9 frost giants
  4 draconian knights
  22 vault wardens
  A draconian scorcher (Zig:11)
  A cacodemon (Geh:7)
  Aizul (Depths:1)
  5 emperor scorpions
  A frost giant (shapeshifter) (Zig:12)
  A draconian zealot (Depths:5)
  4 curse skulls
  6 deep elf elementalists
  5 ghouls
  9 balrugs
  11 ghost moths
  2 angels (Depths:3)
  3 draconian shifters (Zig:11)
  34 war gargoyles
  36 stone giants
  A draconian annihilator (Zig:11)
  A caustic shrike skeleton (Zig:10)
  3 spriggan defenders
  5 vampire knights
  19 very ugly things
  23 ironheart preservers
  94 reapers
  2 bennus (Tomb:2)
  An ophan (Abyss:3)
  3 elemental wellsprings (Nor:7)
  A draconian caller (Zig:11)
  17 salamander stormcallers
  2 green draconians
  9 deep elf demonologists
  6 deep elf annihilators
  4 lorocyprocas
  2 dire elephants (Zig:4)
  A black draconian (Zig:11)
  A spectral titan (Dis:4)
  A mottled draconian (Depths:5)
  5 red draconians
  Azrael (Elf:2)
  2 yellow draconians (Abyss:3)
  13 spark wasps
  2 purple draconians (Depths:5)
  12 deep elf death magi
  25 small abominations
  Snorg (D:11)
  7 crystal guardians (Elf:3)
  11 quicksilver dragon zombies
  9 eidola
  28 mummy priests
  2 spectral krakens (Tar:7)
  13 blizzard demons
  3 green deaths
  27 jiangshi
  8 death oozes
  22 ettins
  18 yaktaur captains
  38 vault guards
  2 merfolk impalers
  3 kraken zombies
  7 great orbs of eyes
  20 fire dragons
  9 deep elf high priests
  21 ice dragons
  6 rakshasas
  7 quicksilver dragon skeletons
  8 entropy weavers
  5 naga warriors
  A catoblepas (Lair:6)
  A ghost crab (Swamp:1)
  44 starcursed masses
  15 centaur warriors
  35 hydras
  A hell beast (Dis:7)
  An alligator (shapeshifter) (Abyss:4)
  An alligator snapping turtle (shapeshifter) (Zig:12)
  6 spriggan air magi
  21 ogre magi
  7 death knights
  7 deep troll shamans
  32 dancing weapons
  8 tengu warriors
  28 death yaks
  20 alligators
  14 deep troll earth magi
  6 vampire magi
  37 soul eaters
  2 orc high priests
  13 titan zombies
  Nergalle (Lair:1)
  6 spriggan berserkers
  10 wretched stars
  11 sun demons
  13 thrashing horrors
  27 hell hogs
  18 iron golems
  3 titan skeletons
  4 shock serpents
  A shock serpent (shapeshifter) (Depths:3)
  8 storm dragon zombies
  21 deep elf knights
  20 death scarabs
  An iron troll (shapeshifter) (Zig:12)
  A salamander mystic (Geh:4)
  6 storm dragon skeletons
  8 golden dragon zombies
  65 hell knights
  A fire crab (shapeshifter) (D:15)
  5 unseen horrors
  194 skeletal warriors
  4 fire crabs
  42 large abominations
  A quicksilver dragon simulacrum (Crypt:2)
  22 shadow demons
  11 anaconda zombies
  13 iron trolls
  An infernal demonspawn (Depths:2)
  The ghost of P0WERM0DE the Frost Mage, a novice DsIE of Dithmenos (D:8)
  3 ghost moth zombies
  4 spatial maelstroms
  2 spriggan druids
  A naga ritualist (Zig:9)
  9 shadow wraiths
  A kraken simulacrum (Hell)
  19 flayed ghosts
  3 tengu zombies
  6 giant orange brains
  2 putrid demonspawn (Depths:2)
  7 shadow dragon zombies
  31 orc knights
  45 deep trolls
  3 golden dragon skeletons
  2 shambling mangroves
  12 swamp dragons
  38 anubis guards
  5 harpies (Vaults:5)
  17 phantasmal warriors
  5 wolf spider zombies
  20 ironbrand convokers
  22 deep elf archers
  19 orb spiders
  8 anaconda skeletons
  13 hornets
  88 deep elf magi
  9 hill giants
  41 wolf spiders
  11 iron dragon zombies
  3 manticores
  3 shining eyes (Slime:6)
  2 tengu skeletons
  A salamander (shapeshifter) (Zig:12)
  25 necromancers
  7 moths of wrath
  11 fire giant zombies
  9 orc sorcerers
  9 iron dragon skeletons
  2 wizards
  13 stone giant zombies
  A griffon (Lair:7)
  6 frost giant zombies
  6 shadow dragon skeletons
  63 ugly things
  7 oklob plants (Zig:11)
  10 cyclopes
  5 dire elephant zombies
  7 worldbinders
  15 salamanders
  4 sixfirhies
  4 apocalypse crabs
  5 centaur zombies
  4 stone giant skeletons
  5 fire giant skeletons
  A cyclops (shapeshifter) (Vaults:2)
  2 shock serpent zombies
  45 rust devils
  2 titan simulacra
  20 elephants
  3 black mambas (shapeshifter)
  A guardian serpent (shapeshifter) (Abyss:4)
  An octopode (shapeshifter) (Vaults:2)
  12 black mambas
  Psyche (D:8)
  19 vault sentinels
  A spiny frog (shapeshifter) (Depths:1)
  3 naga magi
  27 spiny frogs
  9 dire elephant skeletons
  5 centaur skeletons
  3 eyes of devastation
  An orange demon (Abyss:3)
  2 catoblepas zombies
  3 gargoyles
  5 torpor snails
  3 elf skeletons
  9 frost giant skeletons
  21 molten gargoyles
  43 hellions
  10 spectral swamp worms (Tar:7)
  4 guardian serpents
  A red draconian zombie (Crypt:2)
  11 efreet
  An emperor scorpion zombie (Geh:2)
  3 storm dragon simulacra (Nor:7)
  3 fire drakes
  19 komodo dragons
  16 smoke demons
  11 ancient zymes
  18 demonic crawlers
  A black draconian skeleton (Geh:4)
  2 kobold demonologists
  64 yaktaurs
  3 anaconda simulacra
  A yellow draconian skeleton (Geh:7)
  A sea snake skeleton (Crypt:1)
  A yaktaur (shapeshifter) (Depths:3)
  6 hellwings
  44 guardian mummies
  A queen bee (Abyss:4)
  2 iron troll skeletons (Dis:4)
  20 hydra zombies
  15 trolls
  An entropy weaver zombie (Hell)
  A komodo dragon (shapeshifter) (Vaults:1)
  57 freezing wraiths
  3 silent spectres
  A spectral merfolk (Crypt:3)
  A troll (shapeshifter) (Zig:12)
  9 giant leeches
  A polar bear (shapeshifter) (Vaults:1)
  32 red devils
  3 tengu conjurers
  50 tormentors
  5 harpy zombies
  8 polar bears (Lair:8)
  46 ice devils
  46 two-headed ogres
  36 jumping spiders
  A wind drake (shapeshifter) (Vaults:1)
  9 hydra skeletons
  A wolf spider simulacrum (D:15)
  4 alligator zombies
  14 air elementals
  2 sphinx simulacra
  24 ushabtiu
  9 blink frogs
  28 raiju
  17 boulder beetles
  18 bog bodies
  112 slime creatures
  A trapdoor spider zombie (D:13)
  8 fire dragon zombies
  8 ice dragon zombies
  A stone giant simulacrum (Abyss:2)
  11 ettin zombies
  2 boulder beetles (shapeshifter)
  11 trapdoor spiders
  16 vampires
  190 flying skulls
  A fire giant simulacrum (Nor:7)
  4 frost giant simulacra
  A yak (shapeshifter) (Vaults:1)
  3 wyverns
  A tarantella (shapeshifter) (Vaults:2)
  3 alligator skeletons
  4 ettin skeletons
  9 ynoxinuls
  54 redbacks
  A spriggan (shapeshifter) (Depths:2)
  6 fire dragon skeletons
  A fire bat (shapeshifter) (Vaults:4)
  18 water elementals
  10 ice dragon skeletons
  2 centaur simulacra
  9 basilisks
  6 hogs
  52 yaks
  13 spriggans
  49 shadows
  26 fire elementals
  9 neqoxecs
  8 hippogriffs
  26 tarantellas
  43 wraiths
  Eustachio (D:6)
  7 chaos spawn
  A human (D:9)
  2 dire elephant simulacra
  28 wolves
  4 fire bats (Abyss:4)
  7 steam dragons
  11 hungry ghosts
  25 vampire mosquitoes
  A black mamba skeleton (Geh:7)
  A hippogriff (shapeshifter) (Abyss:4)
  4 golden eyes
  Menkaure (D:6)
  3 hydra simulacra
  6 spatial vortices
  21 swamp worms
  The ghost of Herrn the Digger, an amateur FoEE (D:4)
  A harpy simulacrum (D:15)
  A swamp worm (shapeshifter) (Elf:3)
  6 insubstantial wisps (Abyss:3)
  20 wargs
  8 mottled dragons
  A merfolk zombie (Nor:5)
  3 nagas
  A gelid demonspawn skeleton (Crypt:2)
  An ice beast (shapeshifter) (Depths:2)
  11 spiny frog zombies
  A torturous demonspawn skeleton (Dis:4)
  A hell hound (shapeshifter) (Vaults:4)
  80 hell hounds
  4 manticore zombies
  3 merfolk skeletons
  16 water moccasins
  A fire dragon simulacrum (Tar:7)
  20 wasps
  16 porcupines
  6 snapping turtle zombies
  20 swamp drakes
  80 orc warriors
  6 sky beasts
  7 spiny frog skeletons
  A water nymph skeleton (Crypt:2)
  An ogre (shapeshifter) (Vaults:5)
  81 ogres
  14 black bears
  An ettin simulacrum (Nor:6)
  A blink frog zombie (Crypt:1)
  13 boggarts
  5 eyes of draining
  An alligator simulacrum (Hell)
  10 phantoms
  3 snapping turtle skeletons
  2 swamp dragon skeletons
  9 ice beasts
  24 crocodiles
  3 swamp dragon zombies
  A manticore skeleton (Geh:7)
  16 centaurs
  18 necrophages
  2 elf simulacra
  A deep troll simulacrum (Vaults:1)
  A wyvern zombie (Crypt:2)
  24 giant frogs
  6 earth elementals
  A wyvern skeleton (D:8)
  A cyclops skeleton (Crypt:1)
  A glowing shapeshifter simulacrum (Vaults:3)
  3 spiny frog simulacra
  4 scorpions
  2 spriggan zombies
  2 troll zombies
  11 killer bees
  2 electric eels
  2 spriggan skeletons
  26 jellies
  A wasp zombie (D:13)
  21 crimson imps
  5 lava snakes (Lair:6)
  A gnoll shaman (D:7)
  54 wights
  2 giant frog zombies
  16 orc priests
  33 orc wizards
  2 giant frog skeletons
  18 hounds
  9 quasits
  A two-headed ogre zombie (Crypt:2)
  A two-headed ogre skeleton (Crypt:2)
  A human zombie (Dis:6)
  39 iron imps
  10 iguanas
  11 worker ants
  2 human skeletons
  6 hell rats
  62 sheep
  A naga zombie (Nor:6)
  An ogre zombie (Dis:4)
  An ogre skeleton (Nor:7)
  A dwarf skeleton (Crypt:2)
  A hound skeleton (D:6)
  50 mummies
  4 worker ant zombies
  22 gnolls
  16 adders
  79 river rats
  20 shadow imps
  20 white imps
  2 ufetubi
  A worm zombie (Crypt:1)
  14 oozes
  A sheep zombie (Crypt:2)
  A worm (D:4)
  An adder skeleton (D:8)
  An adder zombie (D:7)
  5 giant geckos
  148 orcs
  7 bats
  7 giant cockroaches
  A gnoll skeleton (Crypt:2)
  A gnoll zombie (Crypt:1)
  18 goblins
  16 hobgoblins
  14 jackals
  6 quokkas
  A ball python (D:2)
  A ball python zombie (Crypt:1)
  A giant gecko zombie (Crypt:2)
  4 giant newts
  A giant newt skeleton (Crypt:1)
  A jackal zombie (Crypt:1)
  15 kobolds
  A kobold skeleton (Dis:4)
  A kobold zombie (Nor:7)
  An orc skeleton (Crypt:2)
  A quokka skeleton (D:9)
  2 quokka zombies
  11 rats
  2 crawling corpses (Zig:17)
  4 fire vortices (Geh:4)
  A fungus (Lair:7)
  2 lost souls (Hell)
  A plant (D:9)
  16 starspawn tentacles
  9 tentacles
  A tentacle segment (Tar:7)
5780 creatures vanquished.

Vanquished Creatures (others)
  An eldritch tentacle (Zig:18)
  A revenant (Zig:18)
  A deep elf elementalist (Elf:3)
  3 stone giants
  An elemental wellspring (Nor:7)
  Nessos (D:14)
  A spark wasp (Depths:5)
  A merfolk javelineer (Depths:4)
  A quicksilver dragon skeleton (Tomb:3)
  3 centaur warriors
  5 yaktaur captains
  A tengu warrior (Depths:4)
  2 skeletal warriors
  6 death scarabs (Tomb:2)
  2 phantasmal warriors
  An anaconda skeleton (Geh:7)
  A harpy (Zig:17)
  A cyclops (Vaults:1)
  A moth of wrath (Zig:16)
  A frost giant skeleton (Geh:7)
  2 hydra zombies
  19 yaktaurs
  An ushabti (Tomb:2)
  An ice dragon zombie (Tomb:3)
  14 flying skulls
  2 wraiths
  A redback (Spider:1)
  An ice dragon skeleton (Nor:7)
  A chaos spawn (Abyss:4)
  An orc warrior (Orc:2)
  A tengu (Abyss:4)
  3 centaurs
  A killer bee (Abyss:4)
  A troll zombie (Geh:2)
  A jelly (Zig:7)
  3 iron imps
  5 mummies (Tomb:2)
  3 orcs
  A crawling corpse (Elf:3)
  223 eldritch tentacle segments
  3 fire vortices
  113 fungi
  13 lost souls
  2 lurking horrors (Abyss:4)
  45 plants
  35 starspawn tentacles
  282 starspawn tentacle segments
  18 tentacles
  274 tentacle segments
1105 creatures vanquished.

Grand Total: 6885 creatures vanquished

Notes
Turn   | Place    | Note
--------------------------------------------------------------
     0 | D:1      | Proton the Naga Fighter began the quest for the Orb.
     0 | D:1      | Reached XP level 1. HP: 21/21 MP: 1/1
    85 | D:1      | Reached XP level 2. HP: 14/28 MP: 2/2
   596 | D:2      | Reached XP level 3. HP: 34/34 MP: 3/3
  1026 | D:3      | Reached XP level 4. HP: 40/42 MP: 4/4
  1572 | D:3      | Reached skill level 1 in Dodging
  1572 | D:3      | Reached XP level 5. HP: 43/49 MP: 5/5
  2029 | D:4      | Noticed Herrn's ghost (amateur FoEE)
  2110 | D:5      | Entered Level 5 of the Dungeon
  2117 | D:5      | Noticed a phantom
  2158 | D:5      | Killed a phantom
  2539 | D:5      | Reached XP level 6. HP: 57/57 MP: 6/6
  2603 | D:5      | Reached skill level 4 in Polearms
  2693 | D:5      | Found a runed door.
  2795 | D:5      | Found a runed door.
  2874 | D:5      | Found Likoc's Magic Scroll Emporium.
  3117 | D:5      | Reached XP level 7. HP: 61/64 MP: 7/7
  3320 | D:4      | Found a staircase to the Ecumenical Temple.
  3340 | Temple   | Entered the Ecumenical Temple
  3343 | Temple   | Reached skill level 5 in Polearms
  3454 | Temple   | Became a worshipper of Cheibriados the Contemplative
  3698 | D:4      | Reached * piety under Cheibriados
  3968 | D:4      | Killed Herrn's ghost
  3968 | D:4      | Reached skill level 1 in Invocations
  3968 | D:4      | Reached XP level 8. HP: 73/73 MP: 8/8
  4181 | D:4      | Reached ** piety under Cheibriados
  4424 | D:5      | Reached skill level 5 in Fighting
  4579 | D:6      | Noticed a troll
  4587 | D:6      | Killed a troll
  4646 | D:6      | Noticed Eustachio
  4675 | D:6      | Killed Eustachio
  4675 | D:6      | Reached skill level 6 in Polearms
  4675 | D:6      | Reached XP level 9. HP: 71/81 MP: 9/11
  4843 | D:6      | Found a shattered altar of Ashenzari.
  4946 | D:6      | Learned a level 3 spell: Regeneration
  5136 | D:6      | Reached *** piety under Cheibriados
  5390 | D:6      | Noticed Menkaure
  5395 | D:6      | Killed Menkaure
  5558 | D:6      | Found a stormy altar of Qazlal.
  5559 | D:6      | Found a glowing golden altar of the Shining One.
  5634 | D:6      | Gained mutation: You have a pair of small horns on your head. [mutagenic meat]
  5773 | D:7      | Noticed a centaur zombie
  5784 | D:7      | Killed a centaur zombie
  5806 | D:7      | Got an ichor-stained cloak
  5812 | D:7      | Identified the cursed +0 cloak of the Garden {rPois rF- rC+ MR+} (You found it on level 7 of the Dungeon)
  5940 | D:7      | Reached skill level 5 in Armour
  5940 | D:7      | Reached skill level 5 in Shields
  5944 | D:7      | Gained mutation: Your spells are a little easier to cast, but a little less powerful. [mutagenic meat]
  5945 | D:7      | Gained mutation: Your movements are slightly less encumbered by armour (ER -2). [mutagenic meat]
  5946 | D:7      | Gained mutation: You have a pair of horns on your head. [mutagenic meat]
  5947 | D:7      | Gained mutation: You are frail (-10% HP). [mutagenic meat]
  5948 | D:7      | Lost mutation: Your spells are a little easier to cast, but a little less powerful. [mutagenic meat]
  5949 | D:7      | Gained mutation: You are clumsy. (Dex -2) [mutagenic meat]
  6090 | D:7      | Reached **** piety under Cheibriados
  6099 | D:7      | Reached XP level 10. HP: 68/82 MP: 13/13
  6285 | D:7      | Reached skill level 5 in Invocations
  6455 | D:8      | Noticed Psyche
  6467 | D:8      | Killed Psyche
  6601 | D:8      | Noticed P0WERM0DE's ghost (novice DsIE)
  6624 | D:8      | Killed P0WERM0DE's ghost
  6624 | D:8      | Reached skill level 7 in Polearms
  6624 | D:8      | Reached skill level 5 in Dodging
  6938 | D:8      | Found a shimmering altar of Xom.
  6967 | D:8      | Noticed an unseen horror
  6977 | D:8      | Killed an unseen horror
  7459 | D:9      | Noticed a purple ugly thing
  7477 | D:9      | Killed a purple ugly thing
  7731 | D:9      | Noticed a tengu warrior
  7749 | D:9      | Killed a tengu warrior
  7749 | D:9      | Reached XP level 11. HP: 48/90 MP: 11/15
  8058 | D:9      | Found a staircase to the Lair.
  8060 | D:9      | Noticed a deep elf mage
  8066 | D:9      | Killed a deep elf mage
  8094 | D:9      | Found Maucef's Assorted Antiques.
  8101 | D:9      | Reached skill level 8 in Polearms
  8221 | D:9      | Reached ***** piety under Cheibriados
  8683 | D:10     | Entered Level 10 of the Dungeon
  8740 | D:10     | Noticed a hill giant
  8747 | D:10     | Killed a hill giant
  8871 | D:10     | Noticed a deep elf mage
  8885 | D:10     | Found a roughly hewn altar of Beogh.
  8886 | D:10     | Killed a deep elf mage
  9482 | D:11     | Noticed Snorg
  9497 | D:11     | Killed Snorg
  9711 | D:11     | Noticed a six-headed hydra
  9718 | D:11     | Killed a six-headed hydra
  9718 | D:11     | Reached XP level 12. HP: 84/100 MP: 17/17
  9826 | D:11     | Reached skill level 9 in Polearms
  9891 | D:11     | Noticed a five-headed hydra
  9899 | D:11     | Killed a five-headed hydra
 10324 | D:12     | Noticed an eight-headed hydra
 10331 | D:12     | Killed an eight-headed hydra
 10337 | D:12     | Gained mutation: Your flesh is cold resistant. [mutagenic meat]
 10338 | D:12     | Lost mutation: You are frail (-10% HP). [mutagenic meat]
 10683 | D:12     | Found a staircase to the Orcish Mines.
 11437 | D:13     | Found a gate to the Vaults.
 11437 | D:13     | Noticed a vault guard
 11437 | D:13     | Noticed a vault guard
 11437 | D:13     | Noticed a vault guard
 11437 | D:13     | Noticed a vault guard
 11437 | D:13     | Noticed a vault guard
 11438 | D:13     | Noticed a vault guard
 11455 | D:13     | Killed a vault guard
 11465 | D:13     | Killed a vault guard
 11487 | D:13     | Killed a vault guard
 11590 | D:13     | Killed a vault guard
 11590 | D:13     | Gained mutation: You can use your snake-like lower body to constrict enemies. [Naga growth]
 11590 | D:13     | Reached XP level 13. HP: 50/121 MP: 10/19
 11792 | D:13     | Noticed a vault guard
 11802 | D:13     | Killed a vault guard
 12003 | D:13     | Killed a vault guard
 12039 | D:13     | Killed a vault guard
 12091 | D:13     | Reached skill level 10 in Polearms
 12355 | D:13     | Gained mutation: Potions and wands are less effective at restoring your health. [mutagenic meat]
 12356 | D:13     | Lost mutation: Potions and wands are less effective at restoring your health. [mutagenic meat]
 12357 | D:13     | Gained mutation: You are somewhat resistant to further mutation. [mutagenic meat]
 12385 | D:13     | Noticed a vault guard
 12405 | D:13     | Killed a vault guard
 12405 | D:13     | Reached skill level 10 in Fighting
 13182 | D:14     | Reached ****** piety under Cheibriados
 13187 | D:14     | Reached skill level 10 in Invocations
 13367 | D:14     | Found a sacrificial altar of Ru.
 13389 | D:14     | Noticed Nessos
 13392 | D:14     | Reached XP level 14. HP: 100/133 MP: 21/21
 13395 | D:14     | Killed Nessos
 13830 | D:14     | Lost mutation: You are clumsy. (Dex -2) [mutagenic meat]
 13874 | D:15     | Entered Level 15 of the Dungeon
 14124 | D:15     | Reached skill level 11 in Polearms
 14384 | D:15     | Found a staircase to the Depths.
 14451 | D:15     | Lost mutation: You have a pair of horns on your head. [mutagenic meat]
 15230 | D:15     | Found a blossoming altar of Fedhas.
 15766 | D:15     | Noticed Rupert
 15781 | D:15     | Killed Rupert
 15781 | D:15     | Reached XP level 15. HP: 142/142 MP: 20/23
 16346 | Lair:1   | Entered Level 1 of the Lair of Beasts
 16542 | Lair:1   | Noticed Nergalle
 16557 | Lair:1   | Killed Nergalle
 18599 | Lair:3   | Reached skill level 12 in Invocations
 19296 | Lair:3   | Reached skill level 10 in Armour
 19415 | Lair:3   | Reached skill level 10 in Shields
 19877 | Lair:4   | Found a staircase to the Swamp.
 19932 | Lair:4   | Lost mutation: You are somewhat resistant to further mutation. [potion of mutation]
 19932 | Lair:4   | Gained mutation: You can exhale a cloud of poison. [potion of mutation]
 20178 | Lair:4   | Reached XP level 16. HP: 152/152 MP: 25/25
 20618 | Lair:5   | Reached skill level 10 in Dodging
 21747 | Lair:6   | Found a hole to the Spider Nest.
 21921 | Lair:6   | Found a staircase to the Slime Pits.
 21924 | Lair:6   | Found a viscous altar of Jiyva.
 23354 | Lair:7   | Gained mutation: You are robust (+10% HP). [potion of mutation]
 23354 | Lair:7   | Gained mutation: You expend magic power (3 MP) to strengthen your wands. [potion of mutation]
 23354 | Lair:7   | Lost mutation: Your flesh is cold resistant. [potion of mutation]
 23544 | Lair:8   | Entered Level 8 of the Lair of Beasts
 23765 | Lair:8   | Reached skill level 13 in Invocations
 24114 | Lair:8   | Reached XP level 17. HP: 178/178 MP: 26/26
 24963 | Orc:1    | Entered Level 1 of the Orcish Mines
 25150 | Orc:2    | Entered Level 2 of the Orcish Mines
 25617 | Orc:2    | Found a roughly hewn altar of Beogh.
 25631 | Orc:2    | Found Pial's Book Shoppe.
 25659 | Orc:2    | Found Wyut's Gadget Boutique.
 25715 | Orc:2    | Found a staircase to the Elven Halls.
 25795 | Orc:2    | Found Buofax's Assorted Antiques.
 25832 | Orc:2    | Found Ciqucvukh's Antique Armour Boutique.
 26302 | Swamp:1  | Entered Level 1 of the Swamp
 26622 | Swamp:1  | Noticed Kirke
 26635 | Swamp:1  | Killed Kirke
 28274 | Swamp:3  | Reached XP level 18. HP: 169/189 MP: 28/28
 28581 | Swamp:4  | Entered Level 4 of the Swamp
 28894 | Swamp:4  | Reached skill level 14 in Invocations
 30478 | Swamp:4  | Got a decaying rune of Zot
 30782 | Spider:1 | Entered Level 1 of the Spider Nest
 32938 | Spider:3 | Reached XP level 19. HP: 200/200 MP: 29/29
 33462 | Spider:4 | Entered Level 4 of the Spider Nest
 33911 | Spider:4 | Gained mutation: You are occasionally teleported next to monsters. [potion of mutation]
 33911 | Spider:4 | Gained mutation: You are weak. (Str -2) [potion of mutation]
 33911 | Spider:4 | Gained mutation: You are very weak. (Str -4) [potion of mutation]
 33912 | Spider:4 | Gained mutation: You are dopey. (Int -2) [potion of mutation]
 33912 | Spider:4 | Gained mutation: You have a beak for a mouth. [potion of mutation]
 34009 | Spider:4 | Lost mutation: You are very weak. (Str -4) [mutagenic meat]
 34012 | Spider:4 | Gained mutation: Your spells are a little harder to cast, but a little more powerful. [mutagenic meat]
 34013 | Spider:4 | Lost mutation: Your spells are a little harder to cast, but a little more powerful. [mutagenic meat]
 34074 | Spider:3 | Gained mutation: You have an increased reservoir of magic (+10% MP). [mutagenic meat]
 34075 | Spider:3 | Gained mutation: You are partially covered in iridescent scales (AC +4). [mutagenic meat]
 34077 | Spider:3 | Lost mutation: You expend magic power (3 MP) to strengthen your wands. [mutagenic meat]
 34078 | Spider:3 | Gained mutation: Your spells are a little harder to cast, but a little more powerful. [mutagenic meat]
 35079 | Spider:4 | Got a gossamer rune of Zot
 35471 | Vaults:1 | Entered Level 1 of the Vaults
 35708 | Vaults:1 | Reached skill level 15 in Polearms
 35874 | Vaults:1 | Lost mutation: You are partially covered in iridescent scales (AC +4). [mutagenic meat]
 35877 | Vaults:1 | Gained mutation: You are somewhat resistant to further mutation. [mutagenic meat]
 36124 | Vaults:1 | Reached XP level 20. HP: 77/212 MP: 21/33
 36131 | Vaults:1 | Reached skill level 15 in Fighting
 36141 | Vaults:1 | Got a shimmering lead amulet
 36145 | Vaults:1 | Gained mutation: You are sometimes teleported next to monsters. [mutagenic meat]
 36790 | Vaults:1 | Gained mutation: You have a pair of horns on your head. [mutagenic meat]
 36792 | Vaults:1 | Identified the amulet "Izill" {rCorr *Corrode +Fly rN+ Slay+2} (You took it off an ironbrand convoker on level 1 of the Vaults)
 36960 | Vaults:1 | Noticed Donald
 36969 | Vaults:1 | Killed Donald
 36969 | Vaults:1 | Reached skill level 1 in Charms
 36976 | Vaults:1 | Got an encrusted shield
 36987 | Vaults:1 | Identified the +1 shield "Kugg" {-Cast Int+7 Slay+4} (You took it off Donald on level 1 of the Vaults)
 37044 | Vaults:1 | Reached skill level 1 in Spellcasting
 37746 | Vaults:2 | Found a staircase to the Crypt.
 37813 | Vaults:2 | Noticed Mara
 37816 | Vaults:2 | Noticed Proton's illusion
 38446 | Vaults:3 | Identified 3 scrolls of acquirement
 38455 | Vaults:3 | Got a scorched naga barding
 38461 | Vaults:3 | Identified the -7 naga barding "Zabopp" {rN+ Regen+ rCorr Str-3} (You acquired it on level 3 of the Vaults)
 38939 | Vaults:3 | Found Boilufie's Distillery.
 38946 | Vaults:3 | Bought a potion of heal wounds for 60 gold pieces
 39167 | Vaults:3 | Found Guca Rarr's Armour Shoppe.
 39176 | Vaults:3 | Bought the +8 chain mail "Asihuripp" {rF++ Int+4 Dex-2} for 1610 gold pieces
 39176 | Vaults:3 | Bought the +2 hat of the Bear Spirit {Spirit, +Rage rN+ MR++} for 860 gold pieces
 39243 | Vaults:3 | Noticed Boris
 39251 | Vaults:3 | Killed Boris
 39451 | Vaults:3 | Found Azoe's Assorted Antiques.
 39461 | Vaults:3 | Bought a black potion for 34 gold pieces
 39461 | Vaults:3 | Bought a scroll of enchant weapon for 285 gold pieces
 39762 | Vaults:2 | Noticed Proton's illusion
 39765 | Vaults:2 | Killed Mara
 39967 | Vaults:2 | Reached XP level 21. HP: 208/222 MP: 32/34
 40100 | Vaults:2 | Reached skill level 16 in Polearms
 40373 | Vaults:2 | Gained mutation: You can translocate small distances at will. [mutagenic meat]
 40904 | Crypt:1  | Entered Level 1 of the Crypt
 41540 | Vaults:4 | Found Moalleug's Antique Armour Shoppe.
 41569 | Vaults:4 | Lost mutation: Your movements are slightly less encumbered by armour (ER -2). [mutagenic meat]
 41587 | Vaults:4 | Bought a smelly plate armour for 504 gold pieces
 41587 | Vaults:4 | Bought a wizard robe for 102 gold pieces
 41597 | Vaults:4 | Identified the cursed +1 robe "Rikhoh" {rN+ rCorr Str+3} (You bought it in a shop on level 4 of the Vaults)
 41617 | Vaults:4 | Identified the +0 plate armour "Namnatho" {+Fly Int+6} (You bought it in a shop on level 4 of the Vaults)
 41659 | Vaults:4 | Reached XP level 22. HP: 234/234 MP: 35/35
 42210 | Vaults:5 | Entered Level 5 of the Vaults
 42541 | Elf:1    | Entered Level 1 of the Elven Halls
 43087 | Elf:1    | Reached skill level 17 in Polearms
 43827 | Elf:2    | Found a huge runed gate.
 43828 | Elf:2    | Found a huge runed gate.
 43829 | Elf:2    | Found a huge runed gate.
 43830 | Elf:2    | Found a huge runed gate.
 43832 | Elf:2    | Found a huge runed gate.
 43923 | Elf:2    | Found a deep blue altar of Sif Muna.
 43949 | Elf:2    | Noticed Nikola
 43955 | Elf:2    | Killed Nikola
 44005 | Elf:2    | Noticed Jorgrun
 44010 | Elf:2    | Killed Jorgrun
 44329 | Elf:2    | Noticed Azrael
 44335 | Elf:2    | Killed Azrael
 44354 | Elf:3    | Entered Level 3 of the Elven Halls
 44444 | Elf:3    | Reached XP level 23. HP: 231/246 MP: 34/37
 44778 | Elf:3    | Noticed Enish's ghost (adept MiBe)
 45342 | Elf:3    | Killed Enish's ghost
 45676 | Elf:3    | Got a fabulously ornate robe
 45680 | Elf:3    | Identified the +0 robe "Ysydavih" {MR++ Int+3 Dex-3} (You took it off a deep elf mage on level 3 of the Elven Halls)
 45711 | Elf:3    | Got a transparent silver ring
 45804 | Elf:3    | Got a spiked chain mail
 45847 | Elf:3    | Identified the +3 chain mail "Piteih" {Int+5 Dex-4} (You found it on level 3 of the Elven Halls)
 45863 | Elf:3    | Identified the ring "Myev" {MP+9 Stlth-} (You took it off a deep elf death mage on level 3 of the Elven Halls)
 45869 | Elf:3    | Identified Sif Muna's Collected Works on Protection (You found it on level 3 of the Elven Halls)
 45962 | Elf:3    | Identified the Disquisition on the Unholy Glacier (You found it on level 3 of the Elven Halls)
 46338 | D:9      | Reached skill level 15 in Armour
 46470 | Slime:1  | Entered Level 1 of the Pits of Slime
 46827 | Slime:3  | Reached skill level 15 in Dodging
 46852 | Slime:3  | Reached skill level 18 in Polearms
 47005 | Slime:5  | Reached skill level 15 in Shields
 47228 | Slime:6  | Entered Level 6 of the Pits of Slime
 47264 | Slime:6  | Reached XP level 24. HP: 244/259 MP: 36/37
 47404 | Slime:6  | Noticed the Royal Jelly
 47418 | Slime:6  | Killed the Royal Jelly
 47584 | Slime:6  | Got a scorched crystal plate armour
 47595 | Slime:6  | Identified the +12 crystal plate armour of Noiredgho {Stlth+} (You found it on level 6 of the Pits of Slime)
 47598 | Slime:6  | Got a slimy rune of Zot
 47679 | Slime:6  | Got a jewelled quarterstaff
 47709 | Slime:6  | Got a warped spear
 47710 | Slime:6  | Identified the +4 spear of Huzaodgh {antimagic, Dex+3} (You found it on level 6 of the Pits of Slime)
 48209 | Lair:6   | Gained mutation: You have a pair of large horns on your head. [potion of beneficial mutation]
 48210 | Lair:6   | Lost mutation: You are dopey. (Int -2) [potion of beneficial mutation]
 48211 | Lair:6   | Lost mutation: You are weak. (Str -2) [potion of cure mutation]
 48211 | Lair:6   | Lost mutation: You are robust (+10% HP). [potion of cure mutation]
 48211 | Lair:6   | Lost mutation: You can exhale a cloud of poison. [potion of cure mutation]
 48211 | Lair:6   | Lost mutation: You have a pair of large horns on your head. [potion of cure mutation]
 49022 | Vaults:5 | Noticed an ancient lich
 49026 | Vaults:5 | Killed an ancient lich
 49041 | Vaults:5 | Gained mutation: You are resistant to hostile enchantments. [mutagenic meat]
 49157 | Vaults:5 | Reached XP level 25. HP: 176/246 MP: 33/37
 49820 | Vaults:5 | Reached skill level 19 in Polearms
 50028 | Vaults:5 | Got a clouded copper amulet
 50031 | Vaults:5 | Identified the amulet "Ureacac" {Reflect rElec Str+5 SH+3} (You found it on level 5 of the Vaults)
 50142 | Vaults:5 | Got a brightly glowing ruby amulet
 50147 | Vaults:5 | Identified the amulet "Zauhuv" {Faith Int+5} (You took it off a deep elf high priest on level 5 of the Vaults)
 50369 | Vaults:5 | Got a silver rune of Zot
 51027 | Vaults:5 | Got a pitted ring mail
 51038 | Vaults:5 | Identified the +2 ring mail of Twilight {rF+ SInv} (You took it off an orc on level 5 of the Vaults)
 51251 | Depths:1 | Entered Level 1 of the Depths
 51285 | Depths:1 | Noticed Aizul
 51290 | Depths:1 | Killed Aizul
 51546 | Depths:1 | Found a one-way gate to the infinite horrors of the Abyss.
 51600 | Depths:1 | Found a one-way gate leading to the halls of Pandemonium.
 51831 | Depths:1 | Found a gateway to Hell.
 52058 | Depths:1 | Gained mutation: You can exhale a cloud of poison. [mutagenic meat]
 52306 | Depths:2 | Noticed Norris
 52308 | Depths:2 | Reached XP level 26. HP: 136/258 MP: 21/37
 52651 | Depths:2 | Killed Norris
 52682 | Depths:2 | Gained mutation: Your spells are harder to cast, but more powerful. [mutagenic meat]
 52716 | Depths:2 | Noticed Saint Roka
 52726 | Depths:2 | Killed Saint Roka
 52815 | Depths:2 | Found Efris's Weapon Emporium.
 52975 | Depths:2 | Gained mutation: You regenerate slowly when monsters are visible. [mutagenic meat]
 53292 | Depths:2 | Lost mutation: You are sometimes teleported next to monsters. [mutagenic meat]
 53293 | Depths:2 | Lost mutation: You are occasionally teleported next to monsters. [mutagenic meat]
 53294 | Depths:2 | Lost mutation: You are resistant to hostile enchantments. [mutagenic meat]
 53814 | Depths:3 | Found a gateway to a ziggurat.
 53990 | Depths:3 | Gained mutation: You are partially covered in large bone plates (AC +2, SH +2). [mutagenic meat]
 54260 | Depths:3 | Reached skill level 20 in Polearms
 54734 | Depths:3 | Gained mutation: Your muscles are strong. (Str +2) [mutagenic meat]
 54737 | Depths:3 | Lost mutation: You can exhale a cloud of poison. [mutagenic meat]
 54740 | Depths:3 | Lost mutation: You have an increased reservoir of magic (+10% MP). [mutagenic meat]
 54756 | Depths:4 | Reached XP level 27. HP: 253/268 MP: 32/33
 55009 | Depths:4 | Found Duogg's Weapon Shoppe.
 55407 | Depths:4 | Upgraded the game from 0.18-a0-916-gc496e2e to 0.18-a0-918-g58938db
 55480 | Depths:4 | Got a scintillating lapis lazuli ring
 55603 | Depths:5 | Entered Level 5 of the Depths
 55697 | Depths:4 | Identified the ring of Peyp {+Fly rC+ rN+ Str-5} (You took it off a spriggan defender on level 4 of the Depths)
 55708 | Depths:4 | Gained mutation: Your flesh is heat resistant. [mutagenic meat]
 56115 | Depths:5 | Noticed Frederick
 56126 | Depths:5 | Killed Frederick
 56410 | Depths:5 | Found a gate to the Realm of Zot.
 57843 | Crypt:2  | Reached skill level 21 in Polearms
 58442 | Crypt:3  | Entered Level 3 of the Crypt
 58529 | Crypt:3  | Found a basalt altar of Yredelemnul.
 58962 | Crypt:3  | Found a staircase to the Tomb.
 59165 | Crypt:3  | Got a pitted bone ring
 59165 | Crypt:3  | Got a scintillating pewter ring
 59165 | Crypt:3  | Got a slimy wooden ring
 59167 | Crypt:3  | Identified the ring of the Illusory Lies {rPois rN+ Str-5 Stlth+} (You found it on level 3 of the Crypt)
 59168 | Crypt:3  | Identified the ring of Jius Len {rN+ Str+2} (You found it on level 3 of the Crypt)
 59169 | Crypt:3  | Identified the ring "Nozebuist" {rF++ rN+ MR- Int+3} (You found it on level 3 of the Crypt)
 59984 | D:9      | Bought a scroll of teleportation for 75 gold pieces
 59984 | D:9      | Bought a scroll of acquirement for 1300 gold pieces
 59984 | D:9      | Bought 2 scrolls of enchant weapon for 375 gold pieces
 60329 | Tomb:1   | Entered Level 1 of the Tomb of the Ancients
 62319 | Tomb:2   | Noticed an ancient lich
 63193 | Tomb:1   | Killed an ancient lich
 65975 | Tomb:2   | Reached skill level 22 in Polearms
 68337 | Tomb:3   | Entered Level 3 of the Tomb of the Ancients
 68350 | Tomb:3   | Paralysed by the power of Zot for 5 turns
 70536 | Tomb:3   | Got a dazzling trident
 70543 | Tomb:3   | Identified the +4 trident "Wucs" {freeze, rPois MP+9} (You found it on level 3 of the Tomb of the Ancients)
 71302 | Tomb:3   | Got a golden rune of Zot
 71459 | Tomb:3   | Got a bone glaive
 71460 | Tomb:3   | Identified the +7 glaive of Edashryf {speed, Stlth+} (You found it on level 3 of the Tomb of the Ancients)
 71471 | Tomb:3   | Identified the Handbook of Moulding and Poisoning
 72674 | Zig:1    | Entered Level 1 of a ziggurat
 72700 | Zig:2    | Entered Level 2 of a ziggurat
 72719 | Zig:3    | Entered Level 3 of a ziggurat
 72752 | Zig:4    | Entered Level 4 of a ziggurat
 72786 | Zig:4    | Got a flickering sapphire amulet
 72806 | Zig:4    | Identified the amulet of Perfectionism {+Rage Dex+6} (You found it on level 4 of a ziggurat)
 72813 | Zig:5    | Entered Level 5 of a ziggurat
 72910 | Zig:6    | Entered Level 6 of a ziggurat
 72980 | Zig:7    | Entered Level 7 of a ziggurat
 73147 | Zig:7    | Got a shimmering marble ring
 73150 | Zig:7    | Identified the ring of Yxevaito {rC+ AC+5} (You found it on level 7 of a ziggurat)
 73155 | Zig:7    | Got an ancient bone ring
 73156 | Zig:7    | Identified the ring of Life {SustAt rC+} (You found it on level 7 of a ziggurat)
 73172 | Zig:8    | Entered Level 8 of a ziggurat
 73237 | Zig:8    | Identified Ecob's Tome of Feathery Augmentations
 73248 | Zig:8    | Reached skill level 5 in Charms
 73260 | Zig:9    | Entered Level 9 of a ziggurat
 73368 | Zig:10   | Entered Level 10 of a ziggurat
 73431 | Zig:10   | Identified the Almanac of Enchanting Cold
 73442 | Zig:11   | Entered Level 11 of a ziggurat
 73529 | Zig:11   | Reached skill level 23 in Polearms
 74453 | Zig:12   | Entered Level 12 of a ziggurat
 74459 | Zig:12   | Noticed Erreroig the pandemonium lord
 74461 | Zig:12   | Noticed Equuwum the pandemonium lord
 74464 | Zig:12   | Noticed Mownific the pandemonium lord
 74468 | Zig:12   | Killed Erreroig the pandemonium lord
 74470 | Zig:12   | Noticed Naalefo the pandemonium lord
 74476 | Zig:12   | Killed Mownific the pandemonium lord
 74483 | Zig:12   | Killed Naalefo the pandemonium lord
 74493 | Zig:12   | Killed Equuwum the pandemonium lord
 74970 | Zig:13   | Entered Level 13 of a ziggurat
 74988 | Zig:14   | Entered Level 14 of a ziggurat
 75297 | Zig:15   | Entered Level 15 of a ziggurat
 75793 | Zig:15   | Identified Hicvutae's Almanac of Unstable Sinister Secrets
 75834 | Zig:16   | Entered Level 16 of a ziggurat
 76243 | Zig:16   | Identified Veblefre's Guide on Dislocated Slavery
 76258 | Zig:16   | Got a translucent bardiche
 76259 | Zig:16   | Identified the cursed +1 bardiche of Tofalos {flame, rElec Str+4 Stlth+} (You found it on level 16 of a ziggurat)
 76277 | Zig:17   | Entered Level 17 of a ziggurat
 76297 | Zig:17   | Noticed an ancient lich
 76322 | Zig:17   | Killed an ancient lich
 76671 | Zig:17   | Identified the Reference Book on Dislocation
 76701 | Zig:18   | Entered Level 18 of a ziggurat
 76729 | Zig:18   | Noticed an ancient lich
 76750 | Zig:18   | Killed an ancient lich
 77319 | Depths:2 | Voluntarily entered the Abyss.
 77879 | Abyss:3  | Found a shimmering altar of Xom.
 78598 | Abyss:4  | Found a corrupted altar of Lugonu.
 78610 | Abyss:4  | Found a corrupted altar of Lugonu.
 79040 | Abyss:4  | Found a snail-covered altar of Cheibriados.
 79041 | Abyss:4  | Reached skill level 24 in Polearms
 79087 | Abyss:4  | Found a snail-covered altar of Cheibriados.
 79489 | Abyss:4  | Paralysed by accursed screaming for 1 turns
 79564 | Abyss:4  | Got an abyssal rune of Zot
 79956 | Depths:2 | Escaped the Abyss
 80087 | Hell     | Entered the Vestibule of Hell
 80087 | Hell     | Noticed Geryon
 80237 | Hell     | Killed Geryon
 80376 | Hell     | Found a gateway to the North Pole.
 80532 | Hell     | Found a gateway to the Iron City of Dis.
 80705 | Hell     | Found a gateway to the ashen valley of Gehenna.
 81132 | Hell     | Found a gateway to the decaying netherworld of Tartarus.
 81306 | Tar:1    | Entered Level 1 of Tartarus
 82272 | Tar:6    | Found a snail-covered altar of Cheibriados.
 82324 | Tar:7    | Entered Level 7 of Tartarus
 83233 | Tar:7    | Gained mutation: Your mind is acute. (Int +2) [mutagenic glow]
 83730 | Tar:7    | Reached skill level 25 in Polearms
 84230 | Tar:7    | Noticed Ereshkigal
 84261 | Tar:7    | Killed Ereshkigal
 84349 | Tar:7    | Got a bone rune of Zot
 84361 | Tar:7    | Got a heavily runed granite ring
 84362 | Tar:7    | Identified the ring "Vutuaboto" {+Fly Stlth+} (You found it on level 7 of Tartarus)
 85030 | Nor:1    | Entered Level 1 of the North Pole
 86392 | Nor:7    | Entered Level 7 of the North Pole
 86930 | Nor:7    | Noticed the Serpent of Hell
 86944 | Nor:7    | Killed the Serpent of Hell
 87083 | Nor:7    | Noticed blinkfrog's ghost (legendary DDHu)
 87622 | Nor:7    | Killed blinkfrog's ghost
 88327 | Nor:7    | Noticed Antaeus
 88344 | Nor:7    | Reached skill level 26 in Polearms
 88349 | Nor:7    | Got an icy rune of Zot
 88381 | Nor:7    | Killed Antaeus
 88439 | Nor:7    | Got a dazzling plate armour
 88440 | Nor:7    | Identified the +8 plate armour of Trog's Hope {rElec Int+5} (You found it on level 7 of the North Pole)
 88487 | Nor:7    | Got a shimmering spear
 88489 | Nor:7    | Identified the +1 spear "Fatzolol" {pierce, rElec rC- Int+3} (You found it on level 7 of the North Pole)
 89538 | Dis:1    | Entered Level 1 of the Iron City of Dis
 89908 | Dis:4    | Found a huge runed gate.
 89908 | Dis:4    | Found a huge runed gate.
 89914 | Dis:4    | Found a huge runed gate.
 89914 | Dis:4    | Found a huge runed gate.
 89917 | Dis:4    | Found a huge runed gate.
 89919 | Dis:4    | Found a huge runed gate.
 89919 | Dis:4    | Found a huge runed gate.
 89920 | Dis:4    | Found a huge runed gate.
 89921 | Dis:4    | Found a huge runed gate.
 89922 | Dis:4    | Found a huge runed gate.
 91760 | Dis:7    | Entered Level 7 of the Iron City of Dis
 93290 | Dis:7    | Reached skill level 27 in Polearms
 93633 | Dis:7    | Reached skill level 27 in Fighting
 93859 | Dis:7    | Identified the Papyrus of Shifting Darkness
 93879 | Dis:7    | Got a smoking lapis lazuli ring
 93880 | Dis:7    | Identified the ring of Toreb {rF+ rC- rN+ AC+3 SInv} (You found it on level 7 of the Iron City of Dis)
 94416 | Dis:7    | Noticed Dispater
 94448 | Dis:7    | Killed Dispater
 94710 | Dis:7    | Got an iron rune of Zot
 94714 | Dis:7    | Identified the Incunabulum of Quantum Leap
 94964 | Geh:1    | Entered Level 1 of Gehenna
 95394 | Geh:4    | Reached skill level 1 in Stealth
 95422 | Geh:4    | Lost mutation: Your spells are harder to cast, but more powerful. [mutagenic glow]
 95935 | Geh:5    | Reached skill level 5 in Stealth
 96236 | Geh:7    | Entered Level 7 of Gehenna
 98323 | Geh:7    | HP: 7/292 [balrug/divine providence (14)]
 98324 | Geh:7    | Killed from afar by a Brimstone Fiend

Vault maps used:
D:1:      tarquinn_simple_flora_water_c, corexii_corridor_pit
D:2:      st_stairs_10
D:3:      minmay_misc_feat_tiny
D:4:      corexii_shantytown, minmay_temple_entry_nine_rooms,
          minmay_misc_feat_hallway
D:5:      lemuel_insect_pit, first_bread, serial_shops, nicolae_shop_statue_plus
D:6:      gammafunk_temple_overflow_pools, corexii_mini_fake_secret_closet,
          cheibrodos_ashenzari_chains, uniq_menkaure, uniq_eustachio
D:7:      enter_bailey_7
D:8:      basic_altar, uniq_psyche
D:9:      due_lair_maze_entry_diamond, serial_shops,
          nicolae_shop_temple_entry_statues_fountains, grunt_livestock,
          wad_mini_maze
D:10:     minivault_19, minmay_statues_item, minmay_misc_feat_room
D:11:     uniq_snorg
D:12:     david_orc_2, serial_park_tiny_pond
D:13:     erik_vaults_2, minmay_variable_closet
D:14:     st_stairs_8, stair_cage_cross, nicolae_ru_sacrificial_ziggurat,
          uniq_nessos
D:15:     grunt_enter_depths_magical_seal, fedhas_altar_3, serial_bayou_pond_b,
          uniq_rupert
Temple:   kilobyte_greek_temple_18
Lair:1:   kennysheep_rathole, uniq_nergalle
Lair:2:   lemuel_slime, grunt_forest_small_clearings, grunt_megastairs_4
Lair:3:   bh_autumn_forest_stairs
Lair:4:   swamp_mist, st_stairs_8, serial_bayou_lagoon_a
Lair:5:   nicolae_volcano_entry_two_sided, grunt_forest_large_clearing_hut,
          serial_bayou_shore_b
Lair:6:   cheibrodos_magma_flow, dummy_spider_entry, slime_altar_1
Lair:8:   guppyfry_lair_end_dragon, hangedman_lair_caniforms_friends
Swamp:1:  nicolae_swamp_trees_clearing, uniq_kirke
Swamp:2:  evilmike_swamp_ruin_house_1, infiniplex_staircase_pool
Swamp:3:  nicolae_swamp_treefoil
Swamp:4:  grunt_swamp_rune_castle
Spider:3: nicolae_spider_webs_and_nodes
Spider:4: spider_rune_water
Slime:5:  cheibrodos_slime_lost_civilization_2
Orc:2:    st_orc_town, nicolae_orc_sculptors_studio
Elf:1:    eino_elf_arrival_the_gate, kennysheep_underground_church
Elf:2:    lemuel_blue_sif_altar, uniq_nikola, uniq_jorgrun, uniq_azrael
Elf:3:    minmay_elf_hall_golems
Vaults:1: nicolae_vaults_disjoint_gnomons, vaults_room_hangedman_quadrants,
          vaults_room_ringed_pool, v_misc_22, grunt_vaults_focal,
          ontoclasm_vaults_pinch, nicolae_vaults_alarming,
          nicolae_vaults_yaktaur_gun_rack, v_misc_22, v_pattern_5,
          nicolae_vaults_shelves_hall, hangedman_vaults_slice, v_misc_3,
          ontoclasm_vaults_loading_screen, vaults_room_pools,
          ontoclasm_vaults_loading_screen, uniq_donald
Vaults:2: v_misc_8, dpeg_vaults_pockets_of_resistance,
          minmay_crypt_entry_simple_statues, vaults_dpeg_hooks,
          nicolae_vaults_diagonal_hallway_9, ontoclasm_vaults_ring_small,
          vaults_room_boxed, vaults_mumra_minichess, v_misc_31,
          vaults_standard_mumra_x, hangedman_vaults_impose,
          nicolae_vaults_asterisk, uniq_mara
Vaults:3: v_misc_11, v_misc_33, vaults_room_pool, vaults_mumra_hexcomb,
          vaults_room_fours, nicolae_vaults_angled_halls, v_misc_2,
          ontoclasm_vaults_ligature, ontoclasm_vaults_gateway,
          ontoclasm_vaults_chip, vaults_dpeg_ring, serial_shops, shop, shop,
          shop, uniq_boris
Vaults:4: v_misc_2, ontoclasm_vaults_bender, vaults_dpeg_spiral,
          nicolae_vaults_sealed_display, grunt_vaults_twisty,
          hangedman_vaults_restitches, ontoclasm_vaults_eye,
          vaults_dpeg_encased_lava, vaults_mumra_hex, serial_shops, shop
Vaults:5: serial_shops
Crypt:1:  minmay_shadows
Crypt:2:  roderic_lattice_octagonal_star
Crypt:3:  grunt_crypt_end_deaths_head
Depths:1: grunt_hell_horde, solitary_fountain, abyss_entry, pan_entry,
          hangedman_abyss_or_decor_stabs, minmay_misc_feat_tower,
          minmay_guarded_unrand_flaming_death, grunt_megastairs_3, uniq_aizul
Depths:2: minmay_connected_boxes_in_corner, hell_entry, serial_shops,
          shop_fountains, abyss_entry, rand_demon_pan_entry_4,
          hangedman_decor_diamond_cutter, uniq_norris, uniq_saint_roka
Depths:3: cheibrodos_leafed_vault, enter_ziggurat_d, grunt_decor_cap, pan_entry,
          grunt_hell_entry_dis_old, infiniplex_staircase_zigzag_5
Depths:4: kennysheep_ambush_hall, hangedman_tar_grid_catacomb, abyss_entry,
          kennysheep_small_spiral, serial_shops, shop,
          kennysheep_generic_room_16, infiniplex_staircase_zigzag_1
Depths:5: grunt_zot_entry_alcove, pf_coc_iceberg, spider_trap, uniq_frederick
Dis:4:    special_room, hangedman_dis_decor_blocks_mantle,
          hangedman_dis_decor_tower, door_vault
Dis:7:    iron_city_of_dis
Geh:2:    evilmike_ambush
Geh:3:    gehenna_fire_generator
Geh:5:    door_vault
Geh:7:    geh_old
Nor:6:    lemuel_elevator
Nor:7:    coc_old
Tar:1:    door_vault
Tar:5:    nicolae_tar_cuneiform_water, nicolae_tar_cuneiform_heaven
Tar:6:    hangedman_feature_mirror
Tar:7:    tar_minmay_river
Abyss:3:  serial_sigils_hangedman_shear, abyss_furniture_001,
          serial_sigils_hangedman_snap
Abyss:4:  hangedman_abyss_sting, hangedman_decor_peaks_small
Zig:7:    ziggurat_loot_1
Zig:11:   ziggurat_pillar_centre_oklobs
Zig:14:   ziggurat_pillar_centre_dead_trees
Zig:15:   ziggurat_pillar_centre_smoke
Zig:16:   ziggurat_pillar_centre_c

Action                   |  1- 3 |  4- 6 |  7- 9 | 10-12 | 13-15 | 16-18 | 19-21 | 22-24 | 25-27 || total
-------------------------+-------+-------+-------+-------+-------+-------+-------+-------+-------++-------
Melee: Trident           |   155 |   136 |    14 |   638 |  1047 |  2039 |   804 |       |       ||  4833
       Spear             |       |    47 |   355 |       |       |       |       |       |       ||   402
       Demon trident     |       |       |       |       |       |       |   462 |   954 |  8932 || 10348
Invok: Bend Time         |       |       |     3 |    10 |    16 |     7 |     6 |       |     7 ||    49
       Slouch            |       |       |       |     9 |     9 |    16 |    25 |    21 |    67 ||   147
       Temporal Distorti |       |       |       |       |       |       |     1 |     6 |    31 ||    38
       Step From Time    |       |       |       |       |       |       |       |       |     1 ||     1
 Abil: Spit Poison       |     2 |    13 |     9 |    28 |    20 |       |       |       |     2 ||    74
       Breathe Poison Ga |       |       |       |       |       |    19 |    11 |     1 |     1 ||    32
       Blink             |       |       |       |       |       |       |     1 |       |       ||     1
Evoke: Wand              |       |       |       |     4 |       |       |     3 |    11 |    22 ||    40
  Use: Scroll            |       |     6 |     3 |     4 |     7 |     6 |    17 |    14 |    46 ||   103
       Potion            |       |       |       |       |     2 |     1 |     3 |     5 |    24 ||    35
 Stab: Distracted        |       |       |       |     2 |     6 |    17 |     2 |       |     5 ||    32
       Sleeping          |       |       |       |     2 |    14 |    20 |     5 |       |       ||    41
       Confused          |       |       |       |       |     1 |     1 |       |       |       ||     2
       Invisible         |       |       |       |       |       |       |       |       |     2 ||     2
  Eat: Meat ration       |       |     1 |     1 |     1 |       |     6 |     5 |     4 |    15 ||    33
       Chunk             |       |     1 |     8 |    11 |    20 |       |    35 |     3 |    52 ||   130
       Royal jelly       |       |       |     1 |     2 |       |       |       |       |       ||     3
       Pizza             |       |       |     1 |     1 |    10 |     2 |     2 |       |     5 ||    21
       Beef jerky        |       |       |       |     1 |       |       |       |       |    14 ||    15
       Bread ration      |       |       |       |       |     1 |     2 |       |       |     5 ||     8
